[ AOE2 MATCH · #471291645 ]
UnrankedJurchens vs Chinese
[ REPLAY ANALYSIS · EXTRACTED FROM THE RECORDED GAME ]
Feudal
—
Castle
—
Imperial
—
| APM avg | 50.9 |
| APM peak | 65 |
| eAPM avg | 16.8 |
| Villagers / military | 14 / 0 |
Focus
⚔️ 29.3% · 🌾 70.7%
Feudal
—
Castle
—
Imperial
—
| APM avg | 58.8 |
| APM peak | 78 |
| eAPM avg | 22.5 |
| Villagers / military | 12 / 0 |
Focus
⚔️ 41.0% · 🌾 59.0%
Feudal
—
Castle
—
Imperial
—
| APM avg | 51.0 |
| APM peak | 63 |
| eAPM avg | 18.7 |
| Villagers / military | 11 / 0 |
Focus
⚔️ 24.2% · 🌾 75.8%
Feudal
—
Castle
—
Imperial
—
| APM avg | 81.6 |
| APM peak | 108 |
| eAPM avg | 27.4 |
| Villagers / military | 18 / 0 |
Focus
⚔️ 28.2% · 🌾 71.8%
Feudal
—
Castle
—
Imperial
—
| APM avg | 51.5 |
| APM peak | 69 |
| eAPM avg | 18.3 |
| Villagers / military | 12 / 0 |
Focus
⚔️ 50.5% · 🌾 49.5%
Feudal
—
Castle
—
Imperial
—
| APM avg | 57.6 |
| APM peak | 69 |
| eAPM avg | 21.0 |
| Villagers / military | 22 / 0 |
Focus
⚔️ 25.9% · 🌾 74.1%
Match map
Initial resources + every placement click. Lines = walls · curves = elevation contours. ◆ gold · ⬟ stone · ● berries · ✦ relic · ◌ wall gap
Your base
Clearlove's base
鹿乃子乃子虎视眈眈's base
ChinoeatCocoa's base
Fireworks's base
Mai-Naicume's base
Smoothed initial terrain · ◌ = detected wall gap · hover for details
Inputs per minute
— 钢铁直男 - - Clearlove
Build order — 钢铁直男
16 actions detected in the replay
| 0:02 | Create | Villager (Male) ×4 |
| 0:37 | Build | Lumber Camp |
| 0:52 | Create | Villager (Male) |
| 0:52 | Create | Villager (Male) |
| 1:02 | Create | Villager (Male) |
| 1:59 | Create | Villager (Male) |
| 1:59 | Create | Villager (Male) |
| 2:24 | Create | Villager (Male) |
| 2:33 | Build | Mill |
| 2:45 | Create | Villager (Male) |
| 3:07 | Create | Villager (Male) |
| 3:24 | Create | Villager (Male) |
| 3:24 | Research | Loom |
| 4:14 | Create | Villager (Male) |
| 4:42 | Research | Feudal Age |
| 5:31 | Build | Barracks |
Build order — Clearlove
20 actions detected in the replay
| 0:08 | Research | Loom |
| 0:32 | Build | Lumber Camp |
| 0:35 | Create | Villager (Male) |
| 0:35 | Create | Villager (Male) |
| 0:55 | Create | Villager (Male) |
| 1:25 | Create | Villager (Male) |
| 1:38 | Create | Villager (Male) |
| 2:07 | Create | Villager (Male) |
| 2:16 | Build | House |
| 2:22 | Create | Villager (Male) |
| 2:30 | Build | House |
| 2:42 | Create | Villager (Male) |
| 2:51 | Create | Villager (Male) |
| 2:57 | Create | Villager (Male) |
| 3:10 | Create | Villager (Male) |
| 4:11 | Build | Mining Camp |
| 4:45 | Create | Villager (Male) |
| 4:59 | Research | Feudal Age |
| 5:00 | Research | Feudal Age |
| 5:33 | Build | House |
Build order — 鹿乃子乃子虎视眈眈
19 actions detected in the replay
| 0:01 | Create | Villager (Male) |
| 0:01 | Create | Villager (Male) |
| 0:02 | Create | Villager (Male) |
| 0:37 | Build | Lumber Camp |
| 0:44 | Create | Villager (Male) |
| 0:44 | Create | Villager (Male) |
| 0:54 | Create | Villager (Male) |
| 1:45 | Create | Villager (Male) |
| 1:46 | Create | Villager (Male) |
| 2:20 | Create | Villager (Male) |
| 2:39 | Create | Villager (Male) |
| 3:23 | Build | Mill |
| 3:43 | Create | Villager (Male) |
| 3:49 | Research | Loom |
| 4:36 | Research | Feudal Age |
| 4:36 | Research | Feudal Age |
| 5:02 | Build | House |
| 5:15 | Build | Barracks |
| 5:41 | Build | House |
Build order — ChinoeatCocoa
23 actions detected in the replay
| 0:01 | Create | Villager (Male) |
| 0:01 | Create | Villager (Male) |
| 0:01 | Create | Villager (Male) |
| 0:06 | Build | Mill |
| 0:15 | Create | Villager (Male) |
| 0:15 | Create | Villager (Male) |
| 1:05 | Create | Villager (Male) |
| 1:20 | Create | Villager (Male) |
| 1:55 | Create | Villager (Male) |
| 1:55 | Create | Villager (Male) |
| 1:55 | Create | Villager (Male) |
| 2:02 | Create | Villager (Male) |
| 2:03 | Create | Villager (Male) |
| 2:16 | Build | Lumber Camp |
| 2:29 | Create | Villager (Male) |
| 2:39 | Create | Villager (Male) |
| 2:39 | Create | Villager (Male) |
| 2:56 | Create | Villager (Male) |
| 2:56 | Create | Villager (Male) |
| 3:22 | Research | Loom |
| 3:29 | Create | Villager (Male) |
| 4:47 | Research | Feudal Age |
| 5:37 | Build | House |
Build order — Fireworks
16 actions detected in the replay
| 0:01 | Create | Villager (Male) |
| 0:01 | Create | Villager (Male) |
| 0:11 | Create | Villager (Male) |
| 0:11 | Create | Villager (Male) |
| 0:54 | Build | Lumber Camp |
| 1:01 | Create | Villager (Male) |
| 1:33 | Create | Villager (Male) |
| 1:50 | Create | Villager (Male) |
| 2:05 | Create | Villager (Male) |
| 2:25 | Create | Villager (Male) |
| 2:56 | Create | Villager (Male) |
| 3:45 | Create | Villager (Male) |
| 4:17 | Build | Barracks |
| 4:34 | Create | Villager (Male) |
| 4:59 | Research | Feudal Age |
| 5:37 | Build | Mill |
Build order — Mai-Naicume
28 actions detected in the replay
| 0:00 | Create | Villager (Male) |
| 0:01 | Create | Villager (Male) |
| 0:11 | Create | Villager (Male) |
| 0:16 | Create | Villager (Male) |
| 0:35 | Build | Lumber Camp |
| 0:46 | Create | Villager (Male) |
| 0:46 | Create | Villager (Male) |
| 0:46 | Create | Villager (Male) |
| 0:54 | Build | Mill |
| 1:39 | Create | Villager (Male) |
| 1:39 | Create | Villager (Male) |
| 1:39 | Create | Villager (Male) |
| 1:54 | Create | Villager (Male) |
| 2:28 | Create | Villager (Male) |
| 2:38 | Create | Villager (Male) |
| 2:38 | Create | Villager (Male) |
| 3:05 | Create | Villager (Male) |
| 3:05 | Create | Villager (Male) |
| 3:21 | Create | Villager (Male) |
| 3:30 | Build | House |
| 3:45 | Create | Villager (Male) |
| 3:45 | Create | Villager (Male) |
| 3:45 | Create | Villager (Male) |
| 3:58 | Create | Villager (Male) |
| 4:04 | Research | Loom |
| 4:07 | Create | Villager (Male) |
| 4:08 | Research | Loom |
| 5:01 | Research | Feudal Age |
Match timeline
| 4:17 | Fireworks · first_building Barracks |
| 5:15 | 鹿乃子乃子虎视眈眈 · first_building Barracks |
| 5:31 | 钢铁直男 · first_building Barracks |
| 5:46 | Clearlove · resign |
[ AI ANALYSIS · 1 CREDIT ]
What really happened in this match?
Wolo.gg analyzes every decision: build order, eco, micro, common mistakes by bracket. Personalized analysis on WhatsApp or Discord in 30 seconds.
Civ guide
Jurchens
Perfil
Jugador #223271